 Dungeon Crawl Stone Soup version 0.30-a0-43-gbbf338a72c (webtiles) character file.

Game seed: 17553432059293929312

23 scionoferis the Sneak (level 2, -3/15 HPs)
             Began as a Vampire Enchanter on Aug 31, 2022.
             Slain by a goblin
             ... wielding a +0 club
             ... led by Robin
              (4 damage)
             ... on level 1 of the Dungeon.
             The game lasted 00:03:34 (701 turns).

scionoferis the Sneak (Vampire Enchanter)            Turns: 701, Time: 00:03:34

Health: -3/15      AC:  3    Str:  7    XL:     2   Next: 75%
Magic:  1/5        EV: 11    Int: 17    God:
Gold:   50         SH:  0    Dex: 14    Spells: 3/5 levels left

rFire   . . .      SeeInvis +    a - +1 dagger
rCold   + + .      Faith    .    (no shield)
rNeg    + + +      Spirit   .    g - +0 leather armour
rPois   ∞          Reflect  .    (no helmet)
rElec   .          Harm     .    (no cloak)
rCorr   .          Rampage  .    (no gloves)
Will    .....                    (no boots)
Stlth   +++++.....               (no amulet)
HPRegen 0.00/turn                (no ring)
MPRegen 0.09/turn                (no ring)

@: very slightly contaminated, bloodless, inhibited regen, invisible
A: bloodless, fangs 3, see invisible, vampiric 1
a: Revivify


You were on level 1 of the Dungeon.
You visited 1 branch of the dungeon, and saw 2 of its levels.

You collected 50 gold pieces.

Inventory:

Hand Weapons
 a - a +1 dagger (weapon)
 m - a +0 sling
Armour
 b - a +0 robe
 g - a +0 leather armour (worn)
 k - an orb of mayhem
Scrolls
 d - a scroll of teleportation {unknown}
 e - 3 scrolls of identify {unknown}
 i - a scroll of enchant weapon {unknown}
 j - a scroll of noise {unknown}
 l - a scroll of blinking {unknown}
Potions
 c - a potion of invisibility
 f - 2 potions of attraction {unknown}
 h - a potion of lignification {unknown}
 n - a potion of heal wounds {unknown}


   Skills:
 * Level 2.0 Short Blades
 - Level 2.1 Dodging
 + Level 4.8 Stealth
 + Level 2.2 Spellcasting
 + Level 4.7 Hexes
 + Level 0.4 Ice Magic


You had 3 spell levels left.
You knew the following spells:

 Your Spells              Type           Power      Damage    Failure   Level
a - Ensorcelled Hibernat  Hex/Ice        20%        N/A       16%         2

Your spell library contained the following spells:

 Spells                   Type           Power      Damage    Failure   Level
 Confusing Touch          Hex            17%        N/A       12%         3
 Tukima's Dance           Hex            17%        N/A       12%         3
 Dazzling Flash           Conj/Hex       18%        N/A       32%         3


Dungeon Overview and Level Annotations

Branches:
Dungeon (2/15)

Altars:

Annotations:
D:2 Robin


Innate Abilities, Weirdness & Mutations

You do not regenerate when monsters are visible.
You are frail without blood (-20% HP).
You can heal yourself when you bite living creatures.
You are immune to poison.
You have razor-sharp teeth.
You have supernaturally acute eyesight. (SInv)
You are afflicted with vampirism.


Message History

There is a stone staircase leading up here.
The goblin hits you with a +0 club.
Robin roars a battlecry!
The goblins go into a battle-frenzy!
The goblin hits you but does no damage.
You climb upwards.
There is a stone staircase leading down here.
Casting: Ensorcelled Hibernation (safe; 16% risk of failure)
Confirm with . or Enter, or press ? or * to list all spells.
Aiming: Ensorcelled Hibernation (safe; 16% risk of failure)
Press: ? - help, Shift-Dir - straight line, f - goblin
Aim: a goblin, wielding a +0 club (strong, chance to affect: 62%)
You miscast Ensorcelled Hibernation.
You are very lightly contaminated with residual magic.
Nothing appears to happen.
The goblin closely misses you. The goblin hits you with a +0 club.
Casting: Ensorcelled Hibernation (safe; 16% risk of failure)
Confirm with . or Enter, or press ? or * to list all spells.
Aiming: Ensorcelled Hibernation (safe; 16% risk of failure)
Press: ? - help, Shift-Dir - straight line, f/p - goblin
Aim: a goblin, wielding a +0 club (strong, chance to affect: 62%)
The goblin looks drowsy...
The goblin hits you with a +0 club.
* * * LOW HITPOINT WARNING * * *
Unknown command.
The helpless goblin fails to defend itself.
You bite the goblin, and draw its blood!
You feel better.
You impale the goblin!!
You kill the goblin!
The goblin hits you with a +0 club.
* * * LOW HITPOINT WARNING * * *
Casting: Ensorcelled Hibernation (safe; 16% risk of failure)
Confirm with . or Enter, or press ? or * to list all spells.
You don't have enough magic to cast this spell.
Okay, then.
You fade into invisibility!
The goblin hits you but does no damage.
You hit the goblin. Your bite misses the goblin.
The goblin is heavily wounded.
The goblin hits you with a +0 club.
You die...

....†..##.#....##..#######.......
.....#.##..........##)..##.......
.....#.####.....#..#.###.#.......
######..# ###.#....#.#≈'.#.......
##.# ##.#....'.###.#.......
#.####..##...##...##.......
#######...##.###...#######.......
......###.##.###..........<..##.#
......###.##.##.@...........###.#
..........##.##g##)>)....###....#
......###....##.#####............
......# #.......##............^..
......# #............#####.......
#####.###........................
......†..........#########.#.....
......##...........# ####....#..
.......#........##.# #....##.#.#


You could see a goblin (strong, unable to see you).

Vanquished Creatures
  A bat (D:1)
  2 endoplasms (D:1)
  A giant cockroach (D:1)
  4 goblins (D:1)
  2 hobgoblins (D:1)
  4 ball pythons (D:1)
  3 frilled lizards (D:1)
  A kobold (D:1)
  5 rats (D:1)
23 creatures vanquished.

Notes
Turn   | Place    | Note
-------+----------+-------------------------------------------
     0 | D:1      | scionoferis the Vampire Enchanter began the quest for the
                  | Orb.
     0 | D:1      | Reached XP level 1. HP: 13/13 MP: 3/3
   170 | D:1      | Reached XP level 2. HP: 15/15 MP: 5/5
   173 | D:1      | Learned a level 2 spell: Ensorcelled Hibernation
   662 | D:2      | Noticed Robin
   701 | D:1      | Slain by a goblin

Illustrated notes

Levels and vault maps discovered:
D:1:      minmay_arrival_stone_box, layout_rooms, nicolae_titane
D:2:      layout_loops_cross, basic_ecumenical_altar, nicolae_grassy_gnolls,
          uniq_robin

Skill      XL: |  1  2 |
---------------+-------+-----
Short Blades   | 2 |  2.0
Dodging        | |  2.1
Stealth        | |  4.8
Spellcasting   | |  2.2
Hexes          | |  4.7
Ice Magic      | |  0.4

Action                   || total
-------------------------++-------
Melee: Dagger            ||    44
       Bite              ||     5
       Punch             ||     1
 Cast: Ensorcelled Hiber ||     4
 Abil: Exsanguinate      ||     1
  Use: Potion            ||     1
 Stab: Sleeping          ||    12
Armor: Robe              ||     2
       Leather armour    ||     9
Dodge: Dodged            ||    16

Table legend: (Time is in decaauts)
 A = Elapsed time spent in this place.
 B = Non-inter-level travel time spent in this place.
 C = Inter-level travel time spent in this place.
 D = Time resting spent in this place.
 E = Time spent auto-exploring this place.
 F = Levels seen in this place.
 G = Mean time per level.
                   A        B        C        D        E       F      G
               +--------+--------+--------+--------+--------+-----+--------+
         Total |    698 |    681 |     17 |     83 |    333 |   2 |  349.0 |
       Dungeon |    698 |    681 |     17 |     83 |    333 |   2 |  349.0 |
               +--------+--------+--------+--------+--------+-----+--------+

Top non-repeatable levels by time:
     D:1: 690 daAuts
     D:2: 8 daAuts
